 Dungeon Crawl Stone Soup version 0.22.1-1-ga44c0e5 (webtiles) character file.

56 Monsterracer the Insei (level 3, -3/24 HPs)
             Began as an Octopode Transmuter on Sept 25, 2018.
             Slain by Sigmund
             ... wielding a +0 scythe
              (11 damage)
             ... on level 2 of the Dungeon.
             The game lasted 00:01:43 (1644 turns).

Monsterracer the Insei (Octopode Transmuter)        Turns: 1644, Time: 00:01:44

Health: -3/24      AC:  1    Str:  9    XL:     3   Next: 95%
Magic:  4/6        EV: 13    Int: 16    God:
Gold:   67         SH:  0    Dex: 12    Spells: 0/6 levels left

rFire    . . .     SeeInvis .     - Unarmed
rCold    . . .     Gourm    .   (no shield)
rNeg     . . .     Faith    .   (helmet restricted)
rPois    .         Spirit   .   b - amulet of rage
rElec    .         Reflect  .   (no ring)
rCorr    .         Harm     .   (no ring)
MR       .....                  (no ring)
Stlth    ++........             (no ring)
HPRegen  0.08/turn              (no ring)
MPRegen  0.10/turn              (no ring)
                                (no ring)
                                (no ring)

@: no status effects
A: almost no armour, stealthy swim, amphibious, 8 rings, constrict 8, camouflage
1, gelatinous body 1
a: Evoke Berserk Rage


You were on level 2 of the Dungeon.
You were not hungry.

You visited 1 branch of the dungeon, and saw 2 of its levels.

You collected 67 gold pieces.

Inventory:

Missiles
 a - 12 arrows
Jewellery
 b - an amulet of rage (around mantle)
Scrolls
 e - a scroll of enchant weapon {unknown}
 f - a scroll of magic mapping {unknown}
Potions
 d - 3 potions of agility {unknown}
Comestibles
 c - 8 rations


   Skills:
 + Level 1.8 Fighting
 - Level 2.0 Dodging
 * Level 3.9 Unarmed Combat
 - Level 2.0 Spellcasting
 * Level 2.8 Transmutations


You couldn't memorise any spells.
You knew the following spells:

 Your Spells              Type           Power        Failure   Level  Hunger
a - Sticks to Snakes      Tmut           ##......     10%         2    ###....
c - Spider Form           Tmut/Pois      #.........   34%         3    ###....
j - Beastly Appendage     Tmut           ##....       6%          1    #......

Your spell library contained the following spells:

 Spells                   Type           Power        Failure   Level  Hunger
 Ice Form                 Ice/Tmut       #.......     75%         4    #####..
 Blade Hands              Tmut           ##........   87%         5    ######.


Dungeon Overview and Level Annotations

Branches:
Dungeon (2/15)

Altars:

Annotations:
D:2 Sigmund


Innate Abilities, Weirdness & Mutations

You cannot wear most types of armour.
You are very stealthy in the water. (Stealth+)
You are amphibious.
You can wear up to eight rings at the same time.
You can use your tentacles to constrict eight enemies at once.
Your skin changes colour to match your surroundings (Stealth+).
Your rubbery body absorbs attacks. (AC +1, EV +1)


Message History

Your tentacle spike disappears.
Found a stone staircase leading down.
Health restored: 24 A goblin comes into view.
The goblin shouts!
You hear a shout!
The goblin moves out of view.
A leopard gecko comes into view.
Found a granite ring.
There are monsters nearby!
Casting: Beastly Appendage (safe; 7% risk of failure)
Confirm with . or Enter, or press ? or * to list all spells.
One of your tentacles grows a vicious spike.
The leopard gecko hisses angrily.
You now have 5/6 mp.
A hobgoblin comes into view. It is wielding a club.
You closely miss the goblin. Your grab misses the goblin.
Sigmund the Dreaded comes into view.
He is wielding a scythe.
Sigmund shouts!
You tentacle-slap the goblin.
You kill the goblin!
Sigmund is suddenly surrounded by pale blue light.
Your transformation is almost over.
You tentacle-slap the leopard gecko.
You kill the leopard gecko!
MP restored: 6 You see here a leopard gecko corpse.
Your tentacle spike disappears.
Sigmund mumbles some strange words.
Sigmund flickers and vanishes!
Deactivating autopickup; reactivate with Ctrl-A.
There is a stone staircase leading up here.
The hobgoblin closely misses you.
You climb upwards.
There is a stone staircase leading down here.
Autopickup is now on.
You tentacle-slap the hobgoblin. Your grab misses the hobgoblin.
The hobgoblin is severely wounded.
The hobgoblin closely misses you.
You tentacle-slap the hobgoblin.
You kill the hobgoblin!
Things that are here:
a club; a hobgoblin corpse
There is a stone staircase leading down here.
Casting: Beastly Appendage (safe; 6% risk of failure)
Confirm with . or Enter, or press ? or * to list all spells.
You miscast Spider Form.
You are very lightly contaminated with residual magic.
You feel odd.
You are feeling hungry.
You now have 3/6 mp.
You start resting.
Your magical contamination has completely faded away.
You regained 2 mp, and now have 5/6 mp.
Things that are here:
a club; a hobgoblin corpse You butcher the hobgoblin corpse.
g - a chunk of flesh You see here a club.
Eat a chunk of flesh? (ye/n/q)
You eat the chunk of flesh.
This raw flesh tastes terrible.
MP restored: 6
There is a stone staircase leading down here.
Casting: Spider Form (safe; 34% risk of failure)
Confirm with . or Enter, or press ? or * to list all spells.
You turn into a venomous arachnid creature.
You now have 3/6 mp.
Your transformation is almost over.
You climb downwards.
Level annotation: Sigmund
There is a stone staircase leading up here.
Sigmund closely misses you.
You hit Sigmund.
Sigmund is poisoned.
Sigmund is moderately wounded.
You hit Sigmund but do no damage.
Sigmund is moderately wounded.
Sigmund points at you and mumbles some strange words.
The magic dart hits you!
You take 5 damage, and have 19/24 hp.
MASSIVE DAMAGE!!
You hit Sigmund.
Sigmund looks as sick as possible!
Sigmund is moderately wounded.
Sigmund hits you with a scythe!
Ouch! That really hurt!
* * * LOW HITPOINT WARNING * * *
You take 12 damage, and have 7/24 hp.
MASSIVE DAMAGE!!
You barely miss Sigmund.
Sigmund is moderately wounded.
Sigmund completely misses you.
You hit Sigmund but do no damage.
Sigmund is moderately wounded.
You hit Sigmund but do no damage.
Sigmund looks as sick as possible!
Sigmund is heavily wounded.
Your transformation has ended.
Sigmund barely misses you.
You closely miss Sigmund. Your grab misses Sigmund.
Sigmund is heavily wounded.
You barely miss Sigmund. You grab Sigmund.
Sigmund is heavily wounded.
You constrict Sigmund, but do no damage.
Sigmund hits you with a scythe!
You die...

##...#..## #.#
...#....## #.# .
##....###.#
###......# #####
#.#.#..## #...#
#.#.#...####.[.#
#.#.#.#....#...#
#####@#...####.....#
#.#...@..#..#
###...#
#.....<..#..# #...#
##.......#..# #...#
##......##.# #...#
#......#### #####
#......# #......#
#......# #......#


You could see Sigmund.

Vanquished Creatures
  An adder (D:2)
  An ooze (D:2)
  3 dart slugs (D:1)
  A leopard gecko (D:2)
  2 giant cockroaches
  5 goblins
  6 hobgoblins (D:1)
  6 bats (D:1)
  2 frilled lizards (D:1)
  6 kobolds
  3 rats (D:1)
36 creatures vanquished.

Notes
Turn   | Place    | Note
-------+----------+-------------------------------------------
     0 | D:1      | Monsterracer the Octopode Transmuter began the quest for
                  | the Orb.
     0 | D:1      | Reached XP level 1. HP: 13/13 MP: 3/3
   190 | D:1      | Reached XP level 2. HP: 14/18 MP: 5/5
   698 | D:1      | Reached XP level 3. HP: 22/23 MP: 4/6
   705 | D:1      | Learned a level 2 spell: Sticks to Snakes
   709 | D:1      | Learned a level 3 spell: Spider Form
  1297 | D:1      | HP: 12/24 [poisoned by an adder]
  1305 | D:1      | HP: 11/24 [poisoned by an adder]
  1574 | D:2      | Noticed Sigmund
  1639 | D:2      | HP: 7/24 [Sigmund/scythe (12)]
  1644 | D:2      | Slain by Sigmund

Action                   || total
-------------------------++-------
Melee: Unarmed           ||    87
       Constrict         ||    24
       Tentacles         ||    12
       Kick              ||     3
       Punch             ||     2
 Cast: Beastly Appendage ||     8
       Spider Form       ||     1
 Stab: Sleeping          ||     5
  Eat: Chunk             ||     3
Armor: Skin              ||    12
Dodge: Dodged            ||    51

Vault maps used:
D:1:      minmay_arrival_diagonal_passages, dk_noncrumbling_4,
          minmay_misc_feat_hallway
D:2:      uniq_sigmund
